Map: Croisement de Kairos EC

Players

souL - Winner!

  • Race: Terran Terran
  • Spawn Location: 5:00

ShaDoWn

  • Race: Protoss Protoss
  • Spawn Location: 11:00

Event: 2019 WCS Spring

VOD

Have the link to the VOD?

Description

Time

  • Played on: May 17, 2019, 12:05 p.m.
  • Length: 10:36

All games in this series

Show
View Real Time Build Order
Export as new Build Order

souL Terran - Winner!

Build Orders: Gas First Reaper Expand, Banshee Rush 

Get SALT Encoding   

  12  0:01  SCV  
  13  0:13  SCV  
  14  0:17  Supply Depot  
  14  0:25  SCV  
  14  0:28  Refinery  
  15  0:39  SCV  
  16  0:45  Barracks  
  16  0:51  SCV  
  17  1:03  SCV  
  18  1:15  SCV  
  19  1:32  Reaper, Orbital Command  
  20  1:43  Command Center  
  20  1:54  Factory  
  20  1:58  SCV  
  21  2:05  Barracks Reactor  
  21  2:11  Bunker  
  21  2:12  SCV  
  22  2:18  Supply Depot  
  22  2:22  Refinery  
  22  2:26  SCV  
  23  2:40  SCV, Hellion  
  23  2:42  Marine  
  23  2:43  Marine  
  28  2:52  Starport  
  28  2:54  SCV  
  29  3:07  Factory Tech Lab  
  31  3:15  SCV  
  30  3:20  Marine  
  30  3:21  Marine  
  30  3:23  Orbital Command  
  30  3:27  SCV  
  33  3:32  Factory Tech Lab  
  33  3:36  Cloaking Field  
  33  3:39  SCV, Banshee  
  33  3:40  Marine x2  
  39  3:49  SCV  
  39  3:51  SCV  
  41  3:58  Marine  
  41  4:01  SCV, Engineering Bay  
  43  4:03  SCV, Marine  
  44  4:13  SCV  
  44  4:15  SCV  
  44  4:16  Supply Depot  
  46  4:28  SCV, Marine  
  46  4:31  Missile Turret  
  46  4:37  SCV, Banshee, Marine  
  51  4:38  Supply Depot  
  51  4:40  Siege Tank  
  54  4:48  Supply Depot  
  54  4:58  Terran Infantry Weapons Level 1, Barracks  
  54  4:59  Barracks  
  54  5:00  SCV x2  
  54  5:06  Refinery  
  56  5:07  Supply Depot  
  56  5:11  Marine x2  
  56  5:12  SCV x2  
  60  5:20  Raven  
  62  5:24  SCV x2  
  64  5:29  Marine  
  64  5:31  Marine  
  66  5:35  Supply Depot  
  66  5:36  SCV x2  
  66  5:48  SCV x2, Command Center  
  66  5:49  Barracks Tech Lab  
  68  5:53  Factory Reactor, Refinery  
  68  6:00  SCV x2  
  68  6:02  Marine  
  68  6:03  Marine  
  68  6:04  Stimpack  
  72  6:06  Marine  
  72  6:07  Marine  
  71  6:12  Combat Shield  
  71  6:13  SCV x2  
  71  6:17  Supply Depot  
  73  6:20  Marine  
  73  6:21  Marine  
  73  6:23  Starport Reactor  
  73  6:25  SCV, Barracks, Marine  
  77  6:26  Barracks  
  77  6:29  SCV  
  78  6:35  Marauder  
  78  6:36  Widow Mine  
  78  6:37  SCV  
  83  6:43  Marauder, Marine  
  83  6:46  SCV, Marine  
  85  6:52  Supply Depot  
  85  6:56  Marauder  
  85  6:58  Widow Mine  
  85  6:59  Widow Mine  
  85  7:00  Medivac  
  93  7:01  Medivac  
  93  7:05  Marauder, Terran Infantry Armor Level 1  
  97  7:09  Orbital Command  
  97  7:14  Marauder  
  99  7:15  Barracks Reactor  
  99  7:17  Marauder  
  99  7:20  Supply Depot, Widow Mine  
  99  7:21  SCV  
  104  7:26  Marauder  
  106  7:30  SCV, Medivac  
  106  7:31  Concussive Shells  
  106  7:35  Marauder, Marine  
  112  7:39  Marauder  
  112  7:41  Marine  
  115  7:48  Marauder  
  116  7:53  Marine  
  116  7:57  Marauder, Supply Depot, Widow Mine x2  
  116  7:58  Marine, Supply Depot  
  120  8:00  Marauder, Medivac  
  120  8:02  Marine  
  120  8:03  SCV  
  125  8:19  SCV x2, Medivac, Marauder, Marine x3  
  134  8:25  Marine  
  134  8:26  Marauder  
  137  8:28  Orbital Command  
  137  8:30  Medivac  
  137  8:31  SCV x2  
  135  8:36  Widow Mine x2  
  139  8:43  Marauder  
  141  8:55  Medivac  
  141  8:58  Orbital Command, Marine x4  
  141  8:59  Marauder x2  
  149  9:03  Supply Depot  
  149  9:06  Supply Depot  
  149  9:08  Marine  
  148  9:11  Viking  
  148  9:15  SCV, Missile Turret  
  148  9:16  Marine x2  
  147  9:20  Marauder x2  
  147  9:22  SCV  
  149  9:25  Medivac  
  149  9:26  Marauder  
  149  9:29  Marine  
  149  9:36  SCV x2  
  149  9:37  SCV  
  152  9:41  Marauder, Medivac  
  152  9:43  Marine  
  152  9:44  Marauder  
  159  9:48  SCV x2  
  159  9:51  SCV  
  162  9:55  Medivac  
  162  9:57  Marine  
  162  9:59  Marine  
  165  10:00  SCV  
  165  10:02  SCV  
  165  10:07  Marauder x2  
  165  10:09  Marine  
  165  10:10  Marauder  
  151  10:17  Marine  
  143  10:23  SCV  
  143  10:24  SCV  
Show
View Real Time Build Order
Export as new Build Order

ShaDoWn Protoss 

Build Orders: 1 Gate Expand, Blink Stalkers 

Get SALT Encoding   

  12  0:00  Probe  
  13  0:13  Probe  
  14  0:17  Pylon  
  14  0:25  Probe  
  15  0:34  Probe  
  15  0:35  Gateway  
  15  0:42  Probe  
  16  0:47  Assimilator  
  17  0:52  Probe  
  18  1:04  Probe  
  19  1:16  Probe  
  20  1:22  Cybernetics Core  
  20  1:34  Nexus  
  20  1:37  Probe  
  21  1:43  Pylon  
  21  1:49  Probe  
  21  1:51  Adept  
  21  1:52  Assimilator  
  25  2:01  Probe  
  25  2:05  Warp Gate  
  25  2:11  Stalker  
  25  2:13  Probe  
  28  2:25  Probe  
  29  2:34  Twilight Council  
  29  2:37  Probe  
  30  2:46  Stalker, Probe  
  30  2:49  Probe  
  34  2:54  Probe  
  34  2:57  Gateway  
  35  3:01  Probe  
  35  3:03  Probe  
  36  3:12  Blink  
  37  3:13  Probe  
  37  3:14  Probe  
  39  3:21  Probe  
  39  3:26  Probe  
  41  3:29  Probe, Robotics Facility  
  42  3:34  Gateway  
  42  3:38  Probe  
  42  3:42  Probe  
  42  3:47  Pylon  
  42  3:50  Probe  
  42  3:52  Probe  
  43  3:58  Stalker  
  43  4:01  Probe  
  43  4:02  Probe  
  46  4:04  Assimilator  
  46  4:09  Observer, Probe  
  47  4:14  Probe  
  50  4:20  Pylon  
  50  4:21  Probe  
  51  4:26  Stalker, Probe  
  54  4:36  Shield Battery  
  54  4:38  Observer, Nexus, Probe  
  54  4:39  Shield Battery  
  54  4:43  Stalker  
  54  4:44  Probe  
  59  4:48  Stalker  
  62  4:53  Pylon  
  62  4:54  Observer  
  62  5:05  Pylon  
  62  5:14  Stalker x2  
  64  5:15  Forge  
  64  5:16  Stalker, Forge  
  72  5:35  Pylon  
  72  5:38  Stalker, Warp Prism  
  72  5:39  Stalker x2  
  76  5:44  Probe x2  
  76  5:56  Gateway  
  76  6:03  Stalker x2  
  77  6:04  Protoss Ground Weapons Level 1, Protoss Ground Armor Level 1  
  77  6:07  Probe  
  76  6:11  Probe  
  76  6:16  Probe  
  78  6:21  Gateway  
  78  6:22  Gateway  
  78  6:23  Charge, Gateway  
  77  6:33  Probe x2  
  77  6:34  Probe  
  80  6:45  Probe x3  
  80  6:46  Immortal  
  83  6:53  Probe x2  
  81  6:57  Sentry  
  81  6:58  Probe  
  81  7:01  Probe x2  
  90  7:03  Dark Shrine  
  90  7:04  Pylon  
  90  7:05  Zealot x2  
  96  7:11  Gateway  
  96  7:14  Zealot  
  98  7:18  Pylon  
  98  7:19  Probe  
  98  7:22  Immortal  
  99  7:23  Probe  
  104  7:37  Assimilator, Robotics Bay, Pylon  
  104  7:38  Probe x2  
  104  7:39  Probe  
  104  7:40  Assimilator  
  104  7:43  Pylon  
  107  7:46  Assimilator  
  107  7:50  Probe x2  
  109  7:53  Probe  
  109  7:58  Observer  
  110  8:02  Probe  
  112  8:09  Zealot x4  
  119  8:20  Nexus  
  119  8:27  Dark Templar  
  121  8:39  Pylon  
  121  8:40  Dark Templar  
  121  8:44  Colossus, Probe  
  121  8:45  Zealot x3  
  121  8:47  Probe  
  126  8:52  Zealot x2  
  122  8:55  Probe  
  122  8:58  Probe  
  130  9:07  Nexus  
  128  9:14  Stalker x5, Zealot x2  
  138  9:20  Pylon  
  136  9:26  Warp Prism  
  136  9:35  Zealot x2  
  140  9:40  Pylon  
  140  9:42  Zealot x2, Probe x2  
  140  9:43  Pylon  
  148  9:59  Zealot x4  
  141  10:01  Probe  
  141  10:04  Zealot x2  
  97  10:16  Zealot x2  
  97  10:18  Probe  
  83  10:25  Dark Templar x3  
  81  10:33  Zealot x2  
Tags
 
Add a new tag
Caveats
  • Supply blocks, unpowered buildings, or Contaminate may cause inaccurate times.
  • Supply counts are checked every 10 seconds.